Map: New Repugnancy LE

Players

TiPtOP

  • Race: Terran Terran
  • League: Silver
  • Spawn Location: 7:00

Wolfgang - Winner!

  • Race: Terran Terran
  • League: Gold
  • Spawn Location: 1:00

VOD

Have the link to the VOD?

Description

Time

  • Played on: Aug. 20, 2019, 8:04 a.m.
  • Length: 3:13
Show
View Real Time Build Order
Export as new Build Order

TiPtOP Terran 

Build Orders:  

Get SALT Encoding   

  12  0:01  SCV  
  13  0:13  SCV  
  14  0:18  Supply Depot  
  14  0:28  SCV  
  15  0:40  SCV  
  15  0:41  Barracks  
  16  0:50  Refinery  
  16  0:52  SCV  
  17  1:04  SCV  
  18  1:16  SCV  
  19  1:30  Marine  
  20  1:36  Orbital Command  
  20  1:44  Supply Depot  
  20  1:55  Command Center  
  20  2:03  SCV  
  22  2:15  SCV  
  22  2:26  Marine  
  17  2:44  Marine  
  11  3:02  Factory  
Show
View Real Time Build Order
Export as new Build Order

Wolfgang Terran - Winner!

Build Orders:  

Get SALT Encoding   

  12  0:04  SCV  
  13  0:16  SCV  
  14  0:24  Supply Depot  
  14  0:28  SCV  
  15  0:46  SCV  
  16  0:57  Barracks  
  16  1:00  Barracks  
  16  1:06  SCV  
  17  1:16  Supply Depot  
  17  1:38  SCV  
  18  1:47  Barracks  
  18  1:48  Marine x2  
  18  1:49  Barracks  
  20  2:01  Supply Depot  
  20  2:06  Marine x2  
  22  2:24  Marine x2  
  24  2:35  Marine  
  25  2:39  Marine  
  25  2:42  Marine x2  
  28  2:53  Marine  
  30  3:01  Barracks  
  30  3:04  Barracks  
Tags
 
Add a new tag
Caveats
  • Supply blocks, unpowered buildings, or Contaminate may cause inaccurate times.
  • Supply counts are checked every 10 seconds.